 Dungeon Crawl Stone Soup version 0.28-a0-1594-ga885d4b3d6 (webtiles) character file.

Game seed: 7606385501804159910

683 Hasart the Slasher (level 7, -2/60 HPs)
             Began as a Demigod Fighter on Jan 20, 2022.
             Slain by a river rat (6 damage)
             ... summoned by Eustachio
             ... on level 5 of the Dungeon.
             The game lasted 00:07:16 (5418 turns).

Hasart the Slasher (Demigod Fighter)                Turns: 5418, Time: 00:07:16

Health: -2/60      AC: 11    Str: 17    XL:     7   Next: 12%
Magic:  9/9        EV:  9    Int: 10    God:
Gold:   313        SH:  5    Dex: 21    Spells: 6/6 levels left

rFire   . . .      SeeInvis .   a - +0 long sword
rCold   . . .      Faith    .   c - +0 buckler
rNeg    . . .      Spirit   .   m - +3 ring mail
rPois   .          Reflect  .   e - +0 helmet
rElec   .          Harm     .   p - +0 cloak
rCorr   .          Rampage  .   s - +0 pair of gloves
Will    .....                   (no boots)
Stlth   +.........              (no amulet)
HPRegen 0.20/turn               (no ring)
MPRegen 0.11/turn               (no ring)

@: mighty, lethally poisoned (-2 -> -4)
A: high mp 1, forlorn, divine attributes
a: no special abilities


You were on level 5 of the Dungeon.
You visited 1 branch of the dungeon, and saw 5 of its levels.

You collected 313 gold pieces.

Inventory:

Hand Weapons
 a - a +0 long sword (weapon)
Missiles
 h - 2 boomerangs (quivered)
Armour
 c - a +0 buckler (worn)
 e - a +0 helmet (worn)
 m - a +3 ring mail (worn)
 p - a +0 cloak (worn)
 s - a +0 pair of gloves (worn)
Scrolls
 f - a scroll of identify {unknown}
 g - 4 scrolls of teleportation {unknown}
 i - 2 scrolls of magic mapping {unknown}
 k - 2 scrolls of immolation {unknown}
 l - a scroll of brand weapon {unknown}
 q - a scroll of fog {unknown}
 t - a scroll of enchant weapon {unknown}
Potions
 b - 3 potions of brilliance {unknown}
 j - a potion of degeneration {unknown}
 n - a potion of mutation {unknown}
 r - a potion of magic {unknown}
 u - a potion of berserk rage {unknown}


   Skills:
 + Level 4.6 Fighting
 * Level 5.6 Long Blades
 + Level 3.0 Throwing
 - Level 2.6 Armour
 - Level 2.6 Shields


You had 6 spell levels left.
You didn't know any spells.
Your spell library contained the following spells:

 Spells                   Type           Power      Damage    Failure   Level
 Freeze                   Ice            0%         1d3       67%         1
 Magic Dart               Conj           0%         1d3       67%         1
 Searing Ray              Conj           0%         2d4       80%         2
 Confusing Touch          Hex            0%         N/A       95%         3
 Frozen Ramparts          Ice            0%         1d2       95%         3
 Fulminant Prism          Conj/Hex       0%         3d6       100%        4
 Hailstorm                Conj/Ice       0%         3d3       100%        4
 Yara's Violent Unravell  Hex/Tmut       0%         3d3       100%        5
 Enfeeble                 Hex            0%         N/A       100%        7


Dungeon Overview and Level Annotations

Branches:
Dungeon (5/15)
 Temple: D:4-7

Annotations:
D:5 Eustachio


Innate Abilities, Weirdness & Mutations

You have an increased reservoir of magic. (+10% MP)
You shall have no god before yourself.
Your divine heritage dramatically boosts your attributes as you level up.


Message History

The river rat bites you but does no damage.
The killer bee stings you but does no damage.
Eustachio gestures wildly while chanting.
The river rat closely misses you.
You miss Eustachio.
Eustachio is severely wounded.
You feel sick. The killer bee stings you.
* * * LOW HITPOINT WARNING * * *
You are more poisoned.
The killer bee poisons you! The killer bee completely misses you.
Eustachio closely misses you. You block the killer bee's attack.
The river rat barely misses you.
You barely miss Eustachio.
Eustachio is severely wounded.
You feel sick. The killer bee barely misses you.
Eustachio casts a spell.
Eustachio blinks!
The killer bee barely misses you. The river rat barely misses you.
Unknown command.
You miss the killer bee.
The killer bee is moderately wounded.
You feel sick. The killer bee closely misses you.
Eustachio drinks a potion.
Eustachio is healed!
The killer bee stings you.
* * * LOW HITPOINT WARNING * * *
You block the river rat's attack. The river rat barely misses you.
You closely miss the killer bee.
The killer bee is moderately wounded.
You feel sick. The killer bee barely misses you.
The killer bee closely misses you. You block the river rat's attack.
The river rat barely misses you. The killer bee closely misses you.
You slash the killer bee!
The killer bee is severely wounded.
You feel sick. The killer bee barely misses you.
You block the river rat's attack. The river rat barely misses you.
The killer bee stings you.
* * * LOW HITPOINT WARNING * * *
You slash the killer bee!
You kill the killer bee!
You feel sick. The river rat bites you.
You die...

#..#.#
#############.
#..#.# #. #..#.#
#########. #..#.#
#......... #..#.#
#.#######.
#.#######.# #.
#r........#######.
#rr@..............
#@############.._.
#.# #.... #5#
#...# #y# #####
#.# #.# ... ...


You could see Eustachio, a killer bee, 2 river rats, a white imp and a rat
(summoned).

Vanquished Creatures
  A shadow (D:5)
  A water moccasin skeleton (D:4)
  2 killer bees (D:5)
  A hound (D:4)
  2 orc priests
  2 iguanas
  2 orc wizards (D:5)
  A hound skeleton (D:5)
  A hound zombie (D:5)
  4 gnolls (D:4)
  6 adders
  A white imp (D:4)
  3 worms
  4 dart slugs
  11 orcs
  6 ball pythons
  6 endoplasms
  5 giant cockroaches
  4 goblins
  11 hobgoblins
  11 jackals
  11 kobolds
  A quokka (D:1)
  4 bats
  3 frilled lizards (D:1)
  4 rats
108 creatures vanquished.

Vanquished Creatures (others)
  19 plants
19 creatures vanquished.

Grand Total: 127 creatures vanquished

Notes
Turn   | Place    | Note
-------+----------+-------------------------------------------
     0 | D:1      | Hasart the Demigod Fighter began the quest for the Orb.
     0 | D:1      | Reached XP level 1. HP: 18/18 MP: 3/3
    18 | D:1      | Reached skill level 2 in Long Blades
   135 | D:1      | Reached XP level 2. HP: 25/25 MP: 4/4
   842 | D:1      | Reached XP level 3. HP: 31/31 MP: 5/5
   977 | D:1      | Reached skill level 3 in Long Blades
  1872 | D:2      | Reached XP level 4. HP: 35/38 MP: 6/6
  2088 | D:2      | Reached skill level 1 in Throwing
  2849 | D:3      | Reached skill level 4 in Long Blades
  2849 | D:3      | Reached XP level 5. HP: 42/45 MP: 7/7
  4403 | D:4      | Reached XP level 6. HP: 52/52 MP: 8/8
  4788 | D:5      | Entered Level 5 of the Dungeon
  4791 | D:5      | Noticed a shadow
  4795 | D:5      | Killed a shadow
  4796 | D:5      | Reached skill level 5 in Long Blades
  5071 | D:5      | Reached XP level 7. HP: 24/60 MP: 9/9
  5384 | D:5      | Noticed Eustachio
  5418 | D:5      | Slain by a river rat

Illustrated notes

Levels and vault maps discovered:
D:1:      saegor_arrival_under_anarchy, layout_basic, serial_bayou_pond_b,
          hex_tiny
D:2:      layout_rooms, grunt_decor_junction, minmay_box_of_dots
D:3:      cheibrodos_old_hovel, layout_loops_ring,
          nicolae_overflow_hidden_temple, shapermc_ecumenical_altar_ellora
D:4:      layout_loops_ring, serial_bayou, serial_bayou_pond_e,
          serial_bayou_lagoon_b, serial_bayou_pond_e, serial_bayou_pond_c
D:5:      layout_loops_ring, grunt_temple_overflow_holy_war, bloody_makhleb,
          kennysheep_orc_sif_temple, serial_shops, nicolae_shop_waterfront,
          st_stairs_11, uniq_eustachio

Skill      XL: |  1  2  3  4  5  6  7 |
---------------+----------------------+-----
Long Blades    | 2 3 4 5 |  5.6
Fighting       | 3 4 |  4.6
Throwing       | 1 2 3 |  3.0
Armour         | |  2.6
Shields        | |  2.6

Action                   |  1- 3 |  4- 6 |  7- 9 || total
-------------------------+-------+-------+-------++-------
Melee: Long sword        |   156 |   202 |    35 ||   393
Throw: Boomerang         |       |    37 |    10 ||    47
  Use: Potion            |       |       |     2 ||     2
Armor: Scale mail        |    81 |     5 |       ||    86
       Ring mail         |       |    76 |    31 ||   107
Dodge: Dodged            |    85 |    84 |    33 ||   202
Block: Buckler           |    44 |    53 |    10 ||   107

Table legend: (Time is in decaauts)
 A = Elapsed time spent in this place.
 B = Non-inter-level travel time spent in this place.
 C = Inter-level travel time spent in this place.
 D = Time resting spent in this place.
 E = Time spent auto-exploring this place.
 F = Levels seen in this place.
 G = Mean time per level.
                   A        B        C        D        E       F      G
               +--------+--------+--------+--------+--------+-----+--------+
         Total |   5563 |   5408 |    155 |    612 |   3710 |   5 | 1112.6 |
       Dungeon |   5563 |   5408 |    155 |    612 |   3710 |   5 | 1112.6 |
               +--------+--------+--------+--------+--------+-----+--------+

Top non-repeatable levels by time:
     D:1: 1486 daAuts
     D:4: 1388 daAuts
     D:2: 1099 daAuts
     D:3: 1001 daAuts
     D:5: 589 daAuts
